 Dungeon Crawl Stone Soup version 0.29-a0-575-g0dc89cf053 (webtiles) character file.

Game seed: 15998756770775440297

194 Johnny the Cudgeller (level 5, -3/52 HPs)
             Began as a Troll Berserker on June 13, 2022.
             Was a Believer of Trog.
             Slain by a scorpion (9 damage)
             ... on level 4 of the Dungeon.
             The game lasted 00:01:54 (1492 turns).

Johnny the Cudgeller (Troll Berserker)              Turns: 1492, Time: 00:01:54

Health: -3/52      AC:  0    Str: 27    XL:     5   Next: 44%
Magic:  4/4        EV: 10    Int:  3    God:    Trog [**....]
Gold:   115        SH:  0    Dex:  9    Spells: 4/4 levels left

rFire   + . .      SeeInvis .   i - +7 mace of Wiacusm {flame, rF+}
rCold   . . .      Faith    .   (no shield)
rNeg    . . .      Spirit   .   b - +0 animal skin
rPois   .          Reflect  .   (helmet restricted)
rElec   .          Harm     +   c - scarf {harm}
rCorr   .          Rampage  .   (gloves unavailable)
Will    ++...                   (boots unavailable)
Stlth   +.........              (no amulet)
HPRegen 1.97/turn               j - +4 ring of slaying
MPRegen 0.09/turn               (no ring)

@: lethally poisoned (-3 -> -3), strong-willed, corroded, regenerating
A: large, unfitting armour, claws 3, regeneration 1, shaggy fur 1, tough skin 1
a: Renounce Religion, Berserk, Trog's Hand


You were on level 4 of the Dungeon.
You worshipped Trog.
Trog was pleased with you.
You visited 1 branch of the dungeon, and saw 5 of its levels.

You collected 115 gold pieces.

Inventory:

Hand Weapons
 i - the +7 mace of Wiacusm (weapon) {flame, rF+}
   (You found it on level 2 of the Dungeon)

   It burns those it strikes, dealing additional fire damage.
   rF:        It protects you from fire.
Armour
 b - a +0 animal skin (worn)
 c - a scarf of harm (worn)
Jewellery
 j - a +4 ring of slaying (left claw)
Scrolls
 a - a scroll of enchant weapon {unknown}
 d - a scroll of teleportation {unknown}
 e - a scroll of vulnerability {unknown}
 g - 2 scrolls of identify {unknown}
 h - 2 scrolls of poison {unknown}
 k - a scroll of fear {unknown}
 l - a scroll of torment {unknown}
Potions
 f - 2 potions of curing {unknown}
 m - a potion of mutation {unknown}


   Skills:
 + Level 2.9 Fighting
 + Level 5.3 Maces & Flails
 - Level 2.4 Dodging


You had 4 spell levels left.
You didn't know any spells.
Your spell library contained the following spells:

 Spells                   Type           Power      Damage    Failure   Level
 Gell's Gravitas          Tloc           0%         N/A       88%         3
 Teleport Other           Tloc           0%         N/A       88%         3
 Dispersal                Tloc           0%         N/A       100%        6


Dungeon Overview and Level Annotations

Branches:
Dungeon (5/15)
 Temple: D:4-7

Altars:


Innate Abilities, Weirdness & Mutations

You are too large for most types of armour.
You have claws for hands.
Your natural rate of healing is unusually fast.
You are covered in fur. (AC +1)
You have tough skin. (AC +1)


Message History

No target in view!
No target in view!
No target in view!
You recover from your berserk rage.
A goblin comes into view. It is wielding a +0 club.
The goblin shouts!
The goblin moves out of view.
A scorpion comes into view.
There are monsters nearby!
There are monsters nearby!
A jelly comes into view.
The jelly quivers.
You sock the goblin! You burn the goblin.
You kill the goblin!
Trog accepts your kill.
You barely miss the scorpion.
A quokka comes into view.
The scorpion barely misses you. The scorpion completely misses you.
The jelly hits you but does no damage.
You hit the jelly. You burn the jelly. The acid corrodes you!
Your claws burn!
The jelly is lightly wounded.
The scorpion stings you. The jelly hits you.
You are splashed with acid!
You hit the jelly. You burn the jelly.
Your claws burn!
The jelly is severely wounded.
The scorpion closely misses you. The jelly closely misses you.
The quokka twitches its whiskers.
Unknown command.
The jelly attacks as you move away! The jelly hits you.
You are splashed with acid!
The scorpion stings you. The scorpion attacks as you move away!
The scorpion stings you.
* * * LOW HITPOINT WARNING * * *
You are poisoned.
The scorpion poisons you!
You feel very sick.
The quokka twitches its whiskers.
Your skin crawls.
You feel strong-willed.
You feel very sick. The scorpion stings you!
You die...

######## #.##..
#......######.####
#.####............
#.# ########.####
#.# #..... #.#
###### #.# ##### #
#.###..... #
#@#.....# #
#s#.....##
#..J......
###)....## .....#
##.### .# . .


You could see a scorpion.

Vanquished Creatures
  An orc priest (D:4)
  Crazy Yiuf (D:2)
  An orc wizard (D:4)
  2 adders (D:2)
  A gnoll (D:4)
  A white imp (D:5)
  2 worms (D:2)
  A dart slug (D:1)
  6 orcs
  7 bats
  8 endoplasms
  2 giant cockroaches
  6 goblins
  6 hobgoblins
  2 jackals (D:3)
  3 quokkas (D:1)
  3 ball pythons (D:2)
  2 frilled lizards (D:2)
  3 kobolds
  5 rats
63 creatures vanquished.

Notes
Turn   | Place    | Note
-------+----------+-------------------------------------------
     0 | D:1      | Johnny the Troll Berserker began the quest for the Orb.
     0 | D:1      | Reached XP level 1. HP: 22/22 MP: 0/0
    61 | D:1      | Reached skill level 3 in Maces & Flails
   209 | D:1      | Reached XP level 2. HP: 28/29 MP: 1/1
   801 | D:2      | Reached skill level 4 in Maces & Flails
   801 | D:2      | Reached XP level 3. HP: 36/36 MP: 2/2
   953 | D:2      | Found a runed translucent door.
   954 | D:2      | Noticed Crazy Yiuf
   961 | D:2      | Killed Crazy Yiuf
   962 | D:2      | Reached XP level 4. HP: 44/44 MP: 3/3
   964 | D:2      | Identified the +7 mace of Wiacusm {flame, rF+}
   966 | D:2      | Identified the +7 mace "Inyo" {drain, Int-5 Dex+3 SInv}
  1010 | D:2      | Reached ** piety under Trog
  1300 | D:3      | Reached skill level 5 in Maces & Flails
  1341 | D:3      | You fall into a shaft and drop 2 floors!
  1341 | D:5      | Entered Level 5 of the Dungeon
  1387 | D:4      | Reached XP level 5. HP: 50/50 MP: 4/4
  1492 | D:4      | Slain by a scorpion

Illustrated notes

Levels and vault maps discovered:
D:1:      amcnicky_arrival_feature_with_door, layout_basic
D:2:      layout_rooms, uniq_crazy_yiuf_cottage
D:3:      layout_basic, jmf_multi_god_temple2, mainiacjoe_overflow_alcove_4,
          minmay_cupped
D:4:      layout_loops_ring, kennysheep_windowed_goal
D:5:      layout_rooms, nicolae_tso_besieged_by_evil, minmay_manual_monstrance

Skill      XL: |  1  2  3  4 |
---------------+-------------+-----
Maces & Flails | 3 4 5 |  5.3
Fighting       | |  2.9
Dodging        | |  2.4

Action                   |  1- 3 |  4- 6 || total
-------------------------+-------+-------++-------
Melee: Mace              |    87 |    48 ||   135
Invok: Berserk           |     2 |     1 ||     3
       Trog's Hand       |       |     1 ||     1
Armor: Animal skin       |    43 |    11 ||    54
Dodge: Dodged            |    51 |    29 ||    80

Table legend: (Time is in decaauts)
 A = Elapsed time spent in this place.
 B = Non-inter-level travel time spent in this place.
 C = Inter-level travel time spent in this place.
 D = Time resting spent in this place.
 E = Time spent auto-exploring this place.
 F = Levels seen in this place.
 G = Mean time per level.
                   A        B        C        D        E       F      G
               +--------+--------+--------+--------+--------+-----+--------+
         Total |   1543 |   1501 |     42 |     26 |   1082 |   5 |  308.6 |
       Dungeon |   1543 |   1501 |     42 |     26 |   1082 |   5 |  308.6 |
               +--------+--------+--------+--------+--------+-----+--------+

Top non-repeatable levels by time:
     D:1: 803 daAuts
     D:2: 453 daAuts
     D:3: 123 daAuts
     D:4: 120 daAuts
     D:5: 42 daAuts
